Nordiques vs Red Wings (R1)

Created - 14 mars 2016 at 20:36

Goals
1 2 3 T
Nordiques 2 1 1 4
Red Wings 1 1 0 2
Shots
1 2 3 T
Nordiques 7 10 12 29
Red Wings 13 12 9 34

1st period

1. Red Wings , Mike Richards 19 (Alex Picard, Maxim Kondratiev) at 0:34
2. Nordiques , R.J. Umberger 30 (Dustin Byfuglien) at 8:11
3. Nordiques , Fedor Tyutin 10 (R.J. Umberger, Martin Brodeur) at 14:02

Penalties :
Matt Moulson (Que) for Interference (Minor) at 5:55, Jason Spezza (Det) for Interference (Minor) at 5:58, Jonathan Sigalet (Det) for Tripping (Minor) at 9:55, Mark Eaton (Que) for Hooking (Minor) at 15:24

2nd period

4. Red Wings , Martin Havlat 24 (Jason Spezza) at 4:18
5. Nordiques , Miroslav Satan 8 (Kyle Calder, Toni Lydman) at 14:09

Penalties :
R.J. Umberger (Que) for Slashing (Minor) at 5:33, Richard Jackman (Det) for Tripping (Minor) at 11:33, Dustin Byfuglien (Que) for Slashing (Minor) at 16:22, Shawn Horcoff (Det) for Interference (Minor) at 18:48

3rd period

6. Nordiques , R.J. Umberger 31 (Pascal Dupuis, Kristopher Letang) at 19:29 (Empty Net)

Penalties :
Jarret Stoll (Que) for Charging (Minor) at 4:51, Ales Hemsky (Det) for Hooking (Minor) at 6:24, Pascal Dupuis (Que) for Holding Stick (Minor) at 15:52

Goalie Stats

Martin Brodeur (Que), 32 saves from 34 shots - (0,941), W, 23-25-6, 60:00 minutes
Jonathan Quick (Det), 25 saves from 28 shots - (0,893), L, 27-17-7, 59:32 minutes

Players Stats for Nordiques

Player Name              G  A  P  +/- PIM S  H  SB GA TA FO     MP     PP MP  PK MP  
------------------------------------------------------------------------------------
Alexei Kovalev           0  0  0  -1  0   1  2  0  0  0  0/1    17:04   3:30   2:05 
Dustin Byfuglien         0  1  1   0  2   3  1  0  0  3  0/0    19:12   4:02   0:00 
Fedor Tyutin             1  0  1   1  0   4  2  3  2  2  0/0    30:22   4:09   5:36 
Jarret Stoll             0  0  0   1  2   1  2  1  0  0  13/30  19:49   4:00   1:24 
Kristopher Letang        0  1  1   1  0   1  1  2  1  0  0/0    30:22   4:09   5:36 
Kyle Calder              0  1  1   1  0   4  1  0  1  0  1/1    13:02   0:01   1:53 
Mark Eaton               0  0  0   0  2   3  2  0  0  1  0/0    20:42   3:24   3:05 
Matt Moulson             0  0  0   0  2   1  3  1  0  1  1/3    17:01   3:33   2:28 
Mike Zigomanis           0  0  0   1  0   0  2  0  0  0  4/4     9:56   0:00   0:14 
Miroslav Satan           1  0  1   1  0   2  0  0  0  0  0/0     5:06   0:00   0:00 
Niclas Wallin            0  0  0   0  0   0  0  2  0  0  0/0    21:34   3:24   3:56 
Niklas Kronwall          0  0  0   1  0   0  0  0  0  0  0/0     8:19   0:00   0:11 
Nikolai Kulemin          0  0  0   1  0   1  0  0  0  0  2/2     7:51   0:00   2:19 
Pascal Dupuis            0  1  1   2  2   3  1  1  0  0  0/0    15:40   0:00   4:25 
R.J. Umberger            2  1  3   1  2   3  4  1  2  1  3/10   24:12   4:03   4:16 
Rich Peverley            0  0  0   0  0   0  0  0  0  0  0/2     8:18   3:30   0:00 
Toni Lydman              0  1  1   1  0   0  0  1  0  0  0/0     8:44   0:00   0:40 
Vaclav Prospal           0  0  0  -1  0   2  1  0  0  0  9/15   10:46   0:00   0:00 

Players Stats for Red Wings

Player Name              G  A  P  +/- PIM S  H  SB GA TA FO     MP     PP MP  PK MP  
------------------------------------------------------------------------------------
Adam Henrique            0  0  0   0  0   2  0  0  0  0  0/0     7:48   0:00   0:00 
Ales Hemsky              0  0  0   0  2   3  2  0  0  0  0/0    15:03   4:11   0:00 
Alex Picard              0  1  1  -1  0   3  0  0  0  0  0/0    16:58   4:12   1:32 
Carson Mcmillan          0  0  0  -1  0   0  0  0  0  0  0/0     9:05   0:00   2:02 
Christian Backman        0  0  0   1  0   0  1  1  0  0  0/0    17:01   0:00   3:07 
Jason Spezza             0  1  1  -1  2   5  1  1  2  0  22/39  24:37   5:19   3:59 
Jonathan Sigalet         0  0  0   1  2   1  2  0  0  2  0/0    17:24   0:00   1:39 
Martin Havlat            1  0  1   0  0   4  4  0  1  0  2/3    19:49   5:20   0:00 
Maxim Kondratiev         0  1  1  -1  0   3  3  1  1  2  0/0    29:25   6:29   4:54 
Mike Brown               0  0  0   0  0   0  0  1  1  0  0/1     9:43   0:00   1:29 
Mike Richards            1  0  1  -1  0   9  4  0  1  1  8/16   17:53   4:12   2:05 
Nate Thompson            0  0  0  -1  0   0  1  0  0  0  1/2     8:01   0:00   0:00 
Ossi Vaananen            0  0  0  -2  0   0  0  0  0  0  0/0    12:13   3:03   0:03 
Philip Samuelsson        0  0  0  -2  0   0  1  3  0  0  0/0    15:49   3:03   1:47 
Richard Jackman          0  0  0  -1  2   0  2  1  2  1  0/0    28:11   6:29   3:36 
Robert Dome              0  0  0  -1  0   0  0  0  0  0  0/0     7:56   0:00   0:00 
Sean Bergenheim          0  0  0   0  0   2  4  2  0  0  0/0    25:11   5:20   3:59 
Shawn Horcoff            0  0  0   0  2   2  0  0  0  0  2/7     7:53   0:00   0:00 

3 Stars

1 - R.J. Umberger (Que)
2 - Fedor Tyutin (Que)
3 - Martin Havlat (Det)

Power Play

Nordiques - 0 on 5 Attempt(s) - 0,00%
Red Wings - 0 on 6 Attempt(s) - 0,00%

Penalty Kill

Nordiques - 6 on 6 Attempt(s) - 100,00% - Score 0 goal in Penalty Kill
Red Wings - 5 on 5 Attempt(s) - 100,00% - Score 0 goal in Penalty Kill

Team Stat

Nordiques - Hits : 22 - Faceoff Wins : 33 - Blocked Shots : 12 - Penalty Minutes : 12
Red Wings - Hits : 25 - Faceoff Wins : 35 - Blocked Shots : 10 - Penalty Minutes : 10

Official

Referees : Kimmerly Greg and O'Halloran Dan
Linesman : Pierre Racicot and Vaughan Rody

Game Notes

R.J. Umberger has scored in a empty net!

Finance

Level 1 -- Attendance: 6000 (100,00%) -- Ticket Income 450 000 $
Level 2 -- Attendance: 4411 (88,22%) -- Ticket Income 198 495 $
Level 3 -- Attendance: 1867 (93,35%) -- Ticket Income 46 675 $
Level 4 -- Attendance: 3869 (96,73%) -- Ticket Income 69 642 $
Luxury Box -- Attendance: 948 (94,80%) -- Ticket Income 142 200 $
Game was played at the Joe Louis Arena.
Total Attendance: 17095 (94,97%)
Total Ticket Income: 907 012 $
Other Income: 136 052 $
Total Income: 1 043 064 $

Nordiques

5 vs 5 Forward 
   Center                   Left Wing                Right Wing               Time % Phy DF OF 
 1 Jarret Stoll             R.J. Umberger            Dustin Byfuglien         40     1   2  2  
 2 Vaclav Prospal           Matt Moulson             Alexei Kovalev           30     1   2  2  
 3 Mike Zigomanis           Kyle Calder              Pascal Dupuis            20     1   2  2  
 4 Rich Peverley            Nikolai Kulemin          Miroslav Satan           10     1   2  2  

5 vs 5 Defense 
   Defense                  Defense                                           Time % Phy DF OF 
 1 Fedor Tyutin             Kristopher Letang                                 40     1   3  1  
 2 Mark Eaton               Niclas Wallin                                     30     1   3  1  
 3 Toni Lydman              Niklas Kronwall                                   20     1   3  1  
 4 Kristopher Letang        Fedor Tyutin                                      10     1   3  1  

PowerPlay Forward 
   Center                   Left Wing                Right Wing               Time % Phy DF OF 
 1 Jarret Stoll             R.J. Umberger            Dustin Byfuglien         60     1   2  2  
 2 Rich Peverley            Matt Moulson             Alexei Kovalev           40     1   2  2  

PowerPlay Defense
   Defense                  Defense                                           Time % Phy DF OF 
 1 Fedor Tyutin             Kristopher Letang                                 60     1   2  2  
 2 Mark Eaton               Niclas Wallin                                     40     1   2  2  

Penalty Kill 4 Players Forward 
   Center                   Wing                     Time % Phy DF OF 
 1 R.J. Umberger            Pascal Dupuis            60     1   2  2  
 2 Matt Moulson             Alexei Kovalev           40     1   2  2  

Penalty Kill 4 Players Defense
   Defense                  Defense                  Time % Phy DF OF 
 1 Fedor Tyutin             Kristopher Letang        60     1   2  2  
 2 Mark Eaton               Niclas Wallin            40     1   2  2  

Penalty Kill - 3 Players Forward 
   Forward                                           Time % Phy DF OF 
 1 R.J. Umberger                                     60     1   2  2  
 2 Pascal Dupuis                                     40     1   2  2  

Penalty Kill - 3 Players Defense
   Defense                  Defense                  Time % Phy DF OF 
 1 Fedor Tyutin             Kristopher Letang        60     1   2  2  
 2 Mark Eaton               Niclas Wallin            40     1   2  2  

4 vs 4 Forward 
   Center                   Wing                     Time % Phy DF OF 
 1 R.J. Umberger            Dustin Byfuglien         60     1   2  2  
 2 Matt Moulson             Alexei Kovalev           40     1   2  2  

4 vs 4 Defense
   Defense                  Defense                  Time % Phy DF OF 
 1 Fedor Tyutin             Kristopher Letang        60     1   2  2  
 2 Mark Eaton               Niclas Wallin            40     1   2  2  

Last Minutes Offensive
   Center                   Left Wing                Right Wing               Defense                  Defense                  
   Vaclav Prospal           R.J. Umberger            Dustin Byfuglien         Fedor Tyutin             Kristopher Letang        

Last Minutes Defensive
   Center                   Left Wing                Right Wing               Defense                  Defense                  
   Jarret Stoll             R.J. Umberger            Pascal Dupuis            Fedor Tyutin             Kristopher Letang        

Goaltenders
Starting : Martin Brodeur           
Backup : Julien Ellis             

Extra Forwards
Normal : Kyle Calder, Pascal Dupuis, Nikolai Kulemin - PP : Kyle Calder, Pascal Dupuis - PK : Nikolai Kulemin
Extra Defensemen
Normal : Kristopher Letang, Fedor Tyutin, Niklas Kronwall - PP : Kristopher Letang - PK : Fedor Tyutin, Toni Lydman
Penalty Shots
R.J. Umberger, Dustin Byfuglien, Matt Moulson, Alexei Kovalev, Kyle Calder

Red Wings

5 vs 5 Forward 
   Center                   Left Wing                Right Wing               Time % Phy DF OF 
 1 Jason Spezza             Sean Bergenheim          Martin Havlat            40     1   2  2  
 2 Mike Richards            Alex Picard              Ales Hemsky              30     1   2  2  
 3 Shawn Horcoff            Adam Henrique            Mike Brown               20     1   2  2  
 4 Nate Thompson            Robert Dome              Carson Mcmillan          10     1   2  2  

5 vs 5 Defense 
   Defense                  Defense                                           Time % Phy DF OF 
 1 Maxim Kondratiev         Richard Jackman                                   40     1   2  2  
 2 Christian Backman        Jonathan Sigalet                                  30     1   2  2  
 3 Ossi Vaananen            Philip Samuelsson                                 20     1   2  2  
 4 Philip Samuelsson        Jonathan Sigalet                                  10     1   2  2  

PowerPlay Forward 
   Center                   Left Wing                Right Wing               Time % Phy DF OF 
 1 Jason Spezza             Sean Bergenheim          Martin Havlat            60     1   2  2  
 2 Mike Richards            Alex Picard              Ales Hemsky              40     1   2  2  

PowerPlay Defense
   Defense                  Defense                                           Time % Phy DF OF 
 1 Maxim Kondratiev         Richard Jackman                                   60     1   2  2  
 2 Philip Samuelsson        Ossi Vaananen                                     40     1   2  2  

Penalty Kill 4 Players Forward 
   Center                   Wing                     Time % Phy DF OF 
 1 Jason Spezza             Sean Bergenheim          60     1   2  2  
 2 Mike Richards            Carson Mcmillan          40     1   2  2  

Penalty Kill 4 Players Defense
   Defense                  Defense                  Time % Phy DF OF 
 1 Maxim Kondratiev         Richard Jackman          60     1   2  2  
 2 Christian Backman        Jonathan Sigalet         40     1   2  2  

Penalty Kill - 3 Players Forward 
   Forward                                           Time % Phy DF OF 
 1 Jason Spezza                                      60     1   2  2  
 2 Mike Richards                                     40     1   2  2  

Penalty Kill - 3 Players Defense
   Defense                  Defense                  Time % Phy DF OF 
 1 Maxim Kondratiev         Richard Jackman          60     1   2  2  
 2 Christian Backman        Jonathan Sigalet         40     1   2  2  

4 vs 4 Forward 
   Center                   Wing                     Time % Phy DF OF 
 1 Jason Spezza             Sean Bergenheim          60     1   2  2  
 2 Mike Richards            Ales Hemsky              40     1   2  2  

4 vs 4 Defense
   Defense                  Defense                  Time % Phy DF OF 
 1 Maxim Kondratiev         Richard Jackman          60     1   2  2  
 2 Philip Samuelsson        Ossi Vaananen            40     1   2  2  

Last Minutes Offensive
   Center                   Left Wing                Right Wing               Defense                  Defense                  
   Jason Spezza             Sean Bergenheim          Martin Havlat            Maxim Kondratiev         Richard Jackman          

Last Minutes Defensive
   Center                   Left Wing                Right Wing               Defense                  Defense                  
   Jason Spezza             Sean Bergenheim          Martin Havlat            Maxim Kondratiev         Richard Jackman          

Goaltenders
Starting : Jonathan Quick           
Backup : Scott Clemmensen         

Extra Forwards
Normal : Nate Thompson, Robert Dome, Mike Brown - PP : Nate Thompson, Robert Dome - PK : Mike Brown
Extra Defensemen
Normal : Ossi Vaananen, Christian Backman, Philip Samuelsson - PP : Ossi Vaananen - PK : Christian Backman, Philip Samuelsson
Penalty Shots
Jason Spezza, Sean Bergenheim, Martin Havlat, Shawn Horcoff, Mike Richards

% Time on Ice - Nordiques

Lines # - Real PCT - Wanted PCT - Time Play
Normal Forward
1 - 36% - 40% - 14:14
2 - 27% - 30% - 10:50
3 - 24% - 20% - 9:42
4 - 13% - 10% - 5:06
Normal Defense
1 - 43% - 40% - 17:11
2 - 33% - 30% - 13:18
3 - 20% - 20% - 8:04
4 - 3% - 10% - 1:19
PP Forward
1 - 54% - 60% - 4:03
2 - 46% - 40% - 3:30
PP Defense
1 - 55% - 60% - 4:09
2 - 45% - 40% - 3:24
PK Forward
1 - 78% - 60% - 7:27
2 - 22% - 40% - 2:05
PK Defense
1 - 59% - 60% - 5:36
2 - 41% - 40% - 3:56
PK3 Forward
1 - 0% - 60%
2 - 0% - 40%
PK3 Defense
1 - 0% - 60%
2 - 0% - 40%
44 Forward
1 - 73% - 60% - 1:43
2 - 27% - 40% - 0:39
44 Defense
1 - 61% - 60% - 1:26
2 - 39% - 40% - 0:56
Last Minute Offensive  - 0:00
Last Minute Defensive  - 0:41
Total
Forward - 60:00
Defense - 60:00

% Time on Ice - Red Wings

Lines # - Real PCT - Wanted PCT - Time Play
Normal Forward
1 - 36% - 40% - 14:14
2 - 27% - 30% - 10:50
3 - 20% - 20% - 7:48
4 - 17% - 10% - 6:57
Normal Defense
1 - 40% - 40% - 15:55
2 - 37% - 30% - 14:44
3 - 18% - 20% - 7:18
4 - 5% - 10% - 1:52
PP Forward
1 - 56% - 60% - 5:20
2 - 44% - 40% - 4:12
PP Defense
1 - 68% - 60% - 6:29
2 - 32% - 40% - 3:03
PK Forward
1 - 73% - 60% - 5:31
2 - 27% - 40% - 2:02
PK Defense
1 - 68% - 60% - 5:09
2 - 32% - 40% - 2:24
PK3 Forward
1 - 0% - 60%
2 - 0% - 40%
PK3 Defense
1 - 0% - 60%
2 - 0% - 40%
44 Forward
1 - 87% - 60% - 2:03
2 - 13% - 40% - 0:19
44 Defense
1 - 72% - 60% - 1:42
2 - 28% - 40% - 0:40
Last Minute Offensive  - 0:44
Last Minute Defensive  - 0:00
Total
Forward - 60:00
Defense - 60:00

Play by Play

1st period


0:01 of 1st period - Jarret Stoll wins face-off versus Jason Spezza in neutral zone.
0:25 of 1st period - Maxim Kondratiev is hit by Matt Moulson and loses puck.
0:34 of 1st period - Wrist shot by Mike Richards.
0:34 of 1st period - Goal by Mike Richards - Nordiques : 0 - Red Wings : 1.
0:35 of 1st period - Mike Zigomanis wins face-off versus Shawn Horcoff in neutral zone.
0:46 of 1st period - Mark Eaton is hit by Philip Samuelsson and loses puck.
1:51 of 1st period - Wrist shot by Mike Richards.
1:51 of 1st period - Shot Hit the Post.
2:13 of 1st period - Snap shot by Adam Henrique.
2:13 of 1st period - Stopped by Martin Brodeur without a rebound.
2:14 of 1st period - Jason Spezza wins face-off versus Jarret Stoll in Nordiques zone.
2:27 of 1st period - Wrist shot by Jason Spezza.
2:27 of 1st period - Shot Blocked by Toni Lydman.
2:29 of 1st period - Wrist shot by Jason Spezza.
2:29 of 1st period - Stopped by Martin Brodeur without a rebound.
2:30 of 1st period - Mike Richards wins face-off versus Vaclav Prospal in Nordiques zone.
3:00 of 1st period - Wrist shot by Sean Bergenheim.
3:00 of 1st period - Shot Blocked by R.J. Umberger.
3:02 of 1st period - Slapshot by Richard Jackman.
3:02 of 1st period - Shot Blocked by Kristopher Letang.
3:04 of 1st period - Snap shot by Sean Bergenheim.
3:04 of 1st period - Shot Misses the Net.
3:20 of 1st period - Slapshot by Fedor Tyutin.
3:20 of 1st period - Shot Blocked by Mike Brown.
3:22 of 1st period - Slapshot by Fedor Tyutin.
3:22 of 1st period - Stopped by Jonathan Quick with a rebound.
3:24 of 1st period - Slapshot by Kristopher Letang.
3:24 of 1st period - Stopped by Jonathan Quick without a rebound.
3:25 of 1st period - Jason Spezza wins face-off versus Jarret Stoll in Red Wings zone.
3:25 of 1st period - Jason Spezza is hit by R.J. Umberger.
4:14 of 1st period - Wrist shot by Sean Bergenheim.
4:14 of 1st period - Stopped by Martin Brodeur with a rebound.
4:16 of 1st period - Wrist shot by Ales Hemsky.
4:16 of 1st period - Shot Blocked by Matt Moulson.
4:18 of 1st period - Slapshot by Alex Picard.
4:18 of 1st period - Deflect By Mike Richards.
4:18 of 1st period - Shot Misses the Net.
4:18 of 1st period - Puck is out of play.
4:19 of 1st period - Jarret Stoll wins face-off versus Mike Richards in Nordiques zone.
5:23 of 1st period - Slapshot by Mike Richards.
5:23 of 1st period - Stopped by Martin Brodeur without a rebound.
5:24 of 1st period - Jarret Stoll wins face-off versus Nate Thompson in Nordiques zone.
5:49 of 1st period - Mark Eaton is hit by Maxim Kondratiev and loses puck.
5:55 of 1st period - Minor Penalty to Matt Moulson for Interference.
5:56 of 1st period - Jason Spezza wins face-off versus R.J. Umberger in Nordiques zone.
5:56 of 1st period - Snap shot by Sean Bergenheim.
5:56 of 1st period - Deflect By Jason Spezza.
5:56 of 1st period - Stopped by Martin Brodeur with a rebound.
5:58 of 1st period - Minor Penalty to Jason Spezza for Interference.
5:59 of 1st period - Nate Thompson wins face-off versus R.J. Umberger in Red Wings zone.
7:07 of 1st period - Slapshot by Ales Hemsky.
7:07 of 1st period - Shot Blocked by Fedor Tyutin.
7:09 of 1st period - Slapshot by Maxim Kondratiev.
7:09 of 1st period - Shot Blocked by Fedor Tyutin.
7:11 of 1st period - Snap shot by Mike Richards.
7:11 of 1st period - Stopped by Martin Brodeur with a rebound.
7:45 of 1st period - Icing by Ossi Vaananen.
7:46 of 1st period - Mike Richards wins face-off versus R.J. Umberger in Red Wings zone.
7:55 of 1st period - Penalty to Matt Moulson is over, Matt Moulson is back on ice.
7:58 of 1st period - Penalty to Jason Spezza is over, Jason Spezza is back on ice.
8:11 of 1st period - Snap shot by R.J. Umberger.
8:11 of 1st period - Goal by R.J. Umberger - Nordiques : 1 - Red Wings : 1.
8:12 of 1st period - Vaclav Prospal wins face-off versus Jason Spezza in neutral zone.
8:15 of 1st period - Slapshot by Fedor Tyutin.
8:15 of 1st period - Deflect By Sean Bergenheim.
8:15 of 1st period - Stopped by Jonathan Quick without a rebound.
8:16 of 1st period - Vaclav Prospal wins face-off versus Jason Spezza in Red Wings zone.
8:26 of 1st period - Icing by Jason Spezza.
8:27 of 1st period - Martin Havlat wins face-off versus Jarret Stoll in Red Wings zone.
8:48 of 1st period - Wrist shot by Sean Bergenheim.
8:48 of 1st period - Stopped by Martin Brodeur with a rebound.
8:56 of 1st period - Sean Bergenheim is hit by Jarret Stoll and loses puck.
9:04 of 1st period - Slapshot by Maxim Kondratiev.
9:04 of 1st period - Deflect By Jason Spezza.
9:04 of 1st period - Stopped by Martin Brodeur with a rebound.
9:06 of 1st period - Slapshot by Richard Jackman.
9:06 of 1st period - Shot Misses the Net.
9:08 of 1st period - Wrist shot by Jason Spezza.
9:08 of 1st period - Stopped by Martin Brodeur without a rebound.
9:09 of 1st period - Shawn Horcoff wins face-off versus Vaclav Prospal in Nordiques zone.
9:12 of 1st period - Wrist shot by Shawn Horcoff.
9:12 of 1st period - Stopped by Martin Brodeur without a rebound.
9:13 of 1st period - Vaclav Prospal wins face-off versus Shawn Horcoff in Nordiques zone.
9:13 of 1st period - Vaclav Prospal is hit by Christian Backman.
9:55 of 1st period - Minor Penalty to Jonathan Sigalet for Tripping.
9:56 of 1st period - Jason Spezza wins face-off versus Jarret Stoll in Red Wings zone.
11:55 of 1st period - Penalty to Jonathan Sigalet is over, Jonathan Sigalet is back on ice.
12:21 of 1st period - Wrist shot by Adam Henrique.
12:21 of 1st period - Stopped by Martin Brodeur with a rebound.
12:33 of 1st period - Mark Eaton is hit by Mike Richards and loses puck.
13:47 of 1st period - Dustin Byfuglien is hit by Martin Havlat and loses puck.
14:02 of 1st period - Slapshot by Fedor Tyutin.
14:02 of 1st period - Goal by Fedor Tyutin - Nordiques : 2 - Red Wings : 1.
14:03 of 1st period - Jason Spezza wins face-off versus Vaclav Prospal in neutral zone.
14:03 of 1st period - Sean Bergenheim is hit by Alexei Kovalev and loses puck.
14:10 of 1st period - Wrist shot by Alexei Kovalev.
14:10 of 1st period - Shot Misses the Net.
14:18 of 1st period - Wrist shot by Alexei Kovalev.
14:18 of 1st period - Shot Blocked by Richard Jackman.
14:37 of 1st period - Snap shot by Mike Richards.
14:37 of 1st period - Deflect By Alex Picard.
14:37 of 1st period - Stopped by Martin Brodeur without a rebound.
14:38 of 1st period - Jarret Stoll wins face-off versus Jason Spezza in Nordiques zone.
14:38 of 1st period - Jarret Stoll is hit by Sean Bergenheim.
14:54 of 1st period - Wrist shot by Jason Spezza.
14:54 of 1st period - Shot Blocked by Jarret Stoll.
15:15 of 1st period - Mike Richards is hit by Vaclav Prospal.
15:24 of 1st period - Minor Penalty to Mark Eaton for Hooking.
15:25 of 1st period - Jason Spezza wins face-off versus R.J. Umberger in Nordiques zone.
16:03 of 1st period - Kristopher Letang is hit by Mike Richards and loses puck.
17:16 of 1st period - Sean Bergenheim is hit by Pascal Dupuis and loses puck.
17:24 of 1st period - Penalty to Mark Eaton is over, Mark Eaton is back on ice.
17:33 of 1st period - Toni Lydman is hit by Richard Jackman and loses puck.
17:40 of 1st period - Wrist shot by Adam Henrique.
17:40 of 1st period - Shot Misses the Net.
18:00 of 1st period - Slapshot by Robert Dome.
18:00 of 1st period - Shot Misses the Net.
18:28 of 1st period - Robert Dome is hit by Matt Moulson and loses puck.
19:14 of 1st period - Slapshot by Pascal Dupuis.
19:14 of 1st period - Stopped by Jonathan Quick without a rebound.
19:15 of 1st period - Mike Zigomanis wins face-off versus Martin Havlat in Red Wings zone.
19:20 of 1st period - Wrist shot by Pascal Dupuis.
19:20 of 1st period - Stopped by Jonathan Quick with a rebound.
19:26 of 1st period - Mark Eaton is hit by Sean Bergenheim and loses puck.
19:39 of 1st period - Maxim Kondratiev is hit by Mike Zigomanis and loses puck.
19:58 of 1st period - Wrist shot by Pascal Dupuis.
19:58 of 1st period - Shot Misses the Net.
Goals for this period are 2 for Nordiques vs 1 for Red Wings.
Shots for this period are 7 for Nordiques vs 13 for Red Wings.

2nd period


0:01 of 2nd period - Jason Spezza wins face-off versus Jarret Stoll in neutral zone.
0:08 of 2nd period - Snap shot by Sean Bergenheim.
0:08 of 2nd period - Shot Misses the Net.
0:10 of 2nd period - Slapshot by Maxim Kondratiev.
0:10 of 2nd period - Stopped by Martin Brodeur with a rebound.
0:12 of 2nd period - Wrist shot by Jason Spezza.
0:12 of 2nd period - Stopped by Martin Brodeur without a rebound.
0:13 of 2nd period - Jason Spezza wins face-off versus Jarret Stoll in Nordiques zone.
0:40 of 2nd period - Alexei Kovalev is hit by Maxim Kondratiev and loses puck.
1:48 of 2nd period - Snap shot by R.J. Umberger.
1:48 of 2nd period - Shot Misses the Net.
2:09 of 2nd period - Slapshot by Jonathan Sigalet.
2:09 of 2nd period - Deflect By Alex Picard.
2:09 of 2nd period - Shot Misses the Net.
2:09 of 2nd period - Puck is out of play.
2:10 of 2nd period - Vaclav Prospal wins face-off versus Jason Spezza in Nordiques zone.
2:25 of 2nd period - Slapshot by Matt Moulson.
2:25 of 2nd period - Stopped by Jonathan Quick without a rebound.
2:26 of 2nd period - Jarret Stoll wins face-off versus Mike Richards in Red Wings zone.
2:37 of 2nd period - Snap shot by Dustin Byfuglien.
2:37 of 2nd period - Stopped by Jonathan Quick without a rebound.
2:38 of 2nd period - Jarret Stoll wins face-off versus Jason Spezza in Red Wings zone.
3:42 of 2nd period - Wrist shot by Robert Dome.
3:42 of 2nd period - Shot Misses the Net.
3:48 of 2nd period - Snap shot by Kyle Calder.
3:48 of 2nd period - Stopped by Jonathan Quick with a rebound.
3:50 of 2nd period - Snap shot by Mike Zigomanis.
3:50 of 2nd period - Shot Misses the Net.
3:52 of 2nd period - Slapshot by Kyle Calder.
3:52 of 2nd period - Stopped by Jonathan Quick without a rebound.
3:53 of 2nd period - Jarret Stoll wins face-off versus Jason Spezza in Red Wings zone.
4:06 of 2nd period - Wrist shot by Dustin Byfuglien.
4:06 of 2nd period - Stopped by Jonathan Quick without a rebound.
4:07 of 2nd period - Jarret Stoll wins face-off versus Jason Spezza in Red Wings zone.
4:18 of 2nd period - Snap shot by Jason Spezza.
4:18 of 2nd period - Deflect By Martin Havlat.
4:18 of 2nd period - Goal by Martin Havlat - Nordiques : 2 - Red Wings : 2.
4:19 of 2nd period - Jason Spezza wins face-off versus Jarret Stoll in neutral zone.
4:31 of 2nd period - Wrist shot by Dustin Byfuglien.
4:31 of 2nd period - Shot Blocked by Sean Bergenheim.
4:39 of 2nd period - Maxim Kondratiev is hit by R.J. Umberger and loses puck.
5:21 of 2nd period - Icing by Philip Samuelsson.
5:22 of 2nd period - Shawn Horcoff wins face-off versus Jarret Stoll in Red Wings zone.
5:22 of 2nd period - Shawn Horcoff is hit by Mark Eaton.
5:33 of 2nd period - Minor Penalty to R.J. Umberger for Slashing.
5:34 of 2nd period - Nikolai Kulemin wins face-off versus Jason Spezza in Nordiques zone.
6:19 of 2nd period - Fedor Tyutin is hit by Martin Havlat and loses puck.
6:57 of 2nd period - Icing by Ales Hemsky.
6:58 of 2nd period - Mike Richards wins face-off versus Matt Moulson in Red Wings zone.
7:33 of 2nd period - Penalty to R.J. Umberger is over, R.J. Umberger is back on ice.
7:39 of 2nd period - Snap shot by Adam Henrique.
7:39 of 2nd period - Shot Misses the Net.
7:51 of 2nd period - Snap shot by Shawn Horcoff.
7:51 of 2nd period - Deflect By Mike Brown.
7:51 of 2nd period - Shot Blocked by Niclas Wallin.
7:51 of 2nd period - Puck is out of play.
7:52 of 2nd period - Vaclav Prospal wins face-off versus Mike Richards in Nordiques zone.
7:52 of 2nd period - Vaclav Prospal is hit by Ales Hemsky.
8:02 of 2nd period - Fedor Tyutin is hit by Mike Richards and loses puck.
9:05 of 2nd period - Nate Thompson is hit by Jarret Stoll and loses puck.
9:19 of 2nd period - Alexei Kovalev is hit by Mike Richards and loses puck.
9:26 of 2nd period - Slapshot by Ales Hemsky.
9:26 of 2nd period - Shot Misses the Net.
9:28 of 2nd period - Wrist shot by Ales Hemsky.
9:28 of 2nd period - Stopped by Martin Brodeur without a rebound.
9:29 of 2nd period - Jason Spezza wins face-off versus Jarret Stoll in Nordiques zone.
9:30 of 2nd period - Wrist shot by Martin Havlat.
9:30 of 2nd period - Stopped by Martin Brodeur without a rebound.
9:31 of 2nd period - Jarret Stoll wins face-off versus Jason Spezza in Nordiques zone.
9:57 of 2nd period - Wrist shot by Richard Jackman.
9:57 of 2nd period - Shot Misses the Net.
9:59 of 2nd period - Wrist shot by Mike Richards.
9:59 of 2nd period - Stopped by Martin Brodeur without a rebound.
10:00 of 2nd period - Vaclav Prospal wins face-off versus Mike Richards in Nordiques zone.
10:07 of 2nd period - Snap shot by Ales Hemsky.
10:07 of 2nd period - Shot Misses the Net.
10:09 of 2nd period - Snap shot by Christian Backman.
10:09 of 2nd period - Shot Misses the Net.
10:11 of 2nd period - Slapshot by Mike Richards.
10:11 of 2nd period - Shot Misses the Net.
10:50 of 2nd period - Mike Brown is hit by Mark Eaton.
11:09 of 2nd period - Snap shot by Miroslav Satan.
11:09 of 2nd period - Stopped by Jonathan Quick without a rebound.
11:10 of 2nd period - Jason Spezza wins face-off versus Rich Peverley in Red Wings zone.
11:10 of 2nd period - Jason Spezza is hit by Fedor Tyutin.
11:33 of 2nd period - Minor Penalty to Richard Jackman for Tripping.
11:34 of 2nd period - Jason Spezza wins face-off versus Jarret Stoll in Red Wings zone.
11:54 of 2nd period - Sean Bergenheim is hit by Dustin Byfuglien and loses puck.
12:11 of 2nd period - Slapshot by Fedor Tyutin.
12:11 of 2nd period - Deflect By Maxim Kondratiev.
12:11 of 2nd period - Stopped by Jonathan Quick with a rebound.
12:13 of 2nd period - Snap shot by Fedor Tyutin.
12:13 of 2nd period - Shot Blocked by Philip Samuelsson.
12:15 of 2nd period - Wrist shot by Alexei Kovalev.
12:15 of 2nd period - Shot Blocked by Maxim Kondratiev.
13:33 of 2nd period - Penalty to Richard Jackman is over, Richard Jackman is back on ice.
14:09 of 2nd period - Snap shot by Miroslav Satan.
14:09 of 2nd period - Goal by Miroslav Satan - Nordiques : 3 - Red Wings : 2.
14:10 of 2nd period - Vaclav Prospal wins face-off versus Jason Spezza in neutral zone.
14:35 of 2nd period - R.J. Umberger is hit by Ales Hemsky and loses puck.
14:42 of 2nd period - Wrist shot by Mike Richards.
14:42 of 2nd period - Stopped by Martin Brodeur without a rebound.
14:43 of 2nd period - Jarret Stoll wins face-off versus Mike Richards in Nordiques zone.
15:14 of 2nd period - Alexei Kovalev is hit by Sean Bergenheim.
15:58 of 2nd period - Wrist shot by Ales Hemsky.
15:58 of 2nd period - Shot Misses the Net.
16:00 of 2nd period - Slapshot by Alex Picard.
16:00 of 2nd period - Stopped by Martin Brodeur with a rebound.
16:02 of 2nd period - Snap shot by Mike Richards.
16:02 of 2nd period - Stopped by Martin Brodeur with a rebound.
16:12 of 2nd period - Carson Mcmillan is hit by R.J. Umberger and loses puck.
16:22 of 2nd period - Minor Penalty to Dustin Byfuglien for Slashing.
16:23 of 2nd period - Jason Spezza wins face-off versus R.J. Umberger in Nordiques zone.
16:29 of 2nd period - Snap shot by Jason Spezza.
16:29 of 2nd period - Shot Misses the Net.
16:31 of 2nd period - Backhand shot by Maxim Kondratiev.
16:31 of 2nd period - Stopped by Martin Brodeur with a rebound.
16:39 of 2nd period - Wrist shot by Martin Havlat.
16:39 of 2nd period - Stopped by Martin Brodeur with a rebound.
17:36 of 2nd period - Snap shot by Nikolai Kulemin.
17:36 of 2nd period - Shot Blocked by Sean Bergenheim.
17:38 of 2nd period - Slapshot by Mark Eaton.
17:38 of 2nd period - Shot Blocked by Philip Samuelsson.
17:40 of 2nd period - Wrist shot by Nikolai Kulemin.
17:40 of 2nd period - Shot Blocked by Jason Spezza.
17:42 of 2nd period - Snap shot by Nikolai Kulemin.
17:42 of 2nd period - Stopped by Jonathan Quick without a rebound.
17:43 of 2nd period - R.J. Umberger wins face-off versus Mike Richards in Red Wings zone.
17:58 of 2nd period - Snap shot by Ales Hemsky.
17:58 of 2nd period - Stopped by Martin Brodeur without a rebound.
17:59 of 2nd period - Matt Moulson wins face-off versus Jason Spezza in Nordiques zone.
18:22 of 2nd period - Penalty to Dustin Byfuglien is over, Dustin Byfuglien is back on ice.
18:24 of 2nd period - Pascal Dupuis is hit by Richard Jackman and loses puck.
18:48 of 2nd period - Minor Penalty to Shawn Horcoff for Interference.
18:49 of 2nd period - Jarret Stoll wins face-off versus Jason Spezza in Red Wings zone.
19:03 of 2nd period - Slapshot by Mark Eaton.
19:03 of 2nd period - Stopped by Jonathan Quick without a rebound.
19:04 of 2nd period - Jason Spezza wins face-off versus Jarret Stoll in Red Wings zone.
Goals for this period are 1 for Nordiques vs 1 for Red Wings.
Shots for this period are 10 for Nordiques vs 12 for Red Wings.

3rd period


0:01 of 3rd period - Jason Spezza wins face-off versus Jarret Stoll in neutral zone.
0:48 of 3rd period - Penalty to Shawn Horcoff is over, Shawn Horcoff is back on ice.
0:53 of 3rd period - Snap shot by Mike Zigomanis.
0:53 of 3rd period - Deflect By Mike Richards.
0:53 of 3rd period - Shot Misses the Net.
0:53 of 3rd period - Puck is out of play.
0:54 of 3rd period - Mike Zigomanis wins face-off versus Shawn Horcoff in Red Wings zone.
0:55 of 3rd period - Slapshot by Kyle Calder.
0:55 of 3rd period - Shot Misses the Net.
0:57 of 3rd period - Backhand shot by Niclas Wallin.
0:57 of 3rd period - Shot Blocked by Christian Backman.
0:59 of 3rd period - Wrist shot by Kyle Calder.
0:59 of 3rd period - Deflect By Pascal Dupuis.
0:59 of 3rd period - Stopped by Jonathan Quick with a rebound.
1:03 of 3rd period - Wrist shot by Kyle Calder.
1:03 of 3rd period - Deflect By Mike Zigomanis.
1:03 of 3rd period - Shot Misses the Net.
1:03 of 3rd period - Puck is out of play.
1:04 of 3rd period - Jarret Stoll wins face-off versus Mike Brown in Red Wings zone.
1:05 of 3rd period - Wrist shot by R.J. Umberger.
1:05 of 3rd period - Deflect By Shawn Horcoff.
1:05 of 3rd period - Shot Misses the Net.
1:05 of 3rd period - Puck is out of play.
1:06 of 3rd period - Jason Spezza wins face-off versus Jarret Stoll in Red Wings zone.
1:28 of 3rd period - Icing by Maxim Kondratiev.
1:29 of 3rd period - Vaclav Prospal wins face-off versus Jason Spezza in Red Wings zone.
1:34 of 3rd period - Slapshot by Vaclav Prospal.
1:34 of 3rd period - Stopped by Jonathan Quick without a rebound.
1:35 of 3rd period - Mike Richards wins face-off versus Vaclav Prospal in Red Wings zone.
1:44 of 3rd period - Wrist shot by Mike Richards.
1:44 of 3rd period - Stopped by Martin Brodeur with a rebound.
2:26 of 3rd period - Slapshot by Shawn Horcoff.
2:26 of 3rd period - Stopped by Martin Brodeur with a rebound.
2:28 of 3rd period - Slapshot by Jonathan Sigalet.
2:28 of 3rd period - Shot Misses the Net.
2:30 of 3rd period - Snap shot by Jonathan Sigalet.
2:30 of 3rd period - Stopped by Martin Brodeur without a rebound.
2:31 of 3rd period - Mike Richards wins face-off versus Vaclav Prospal in Nordiques zone.
2:32 of 3rd period - Slapshot by Alex Picard.
2:32 of 3rd period - Shot Misses the Net.
2:56 of 3rd period - R.J. Umberger is hit by Martin Havlat.
3:19 of 3rd period - Carson Mcmillan is hit by Kyle Calder and loses puck.
3:29 of 3rd period - Off-side.
3:30 of 3rd period - Jason Spezza wins face-off versus Alexei Kovalev in neutral zone.
3:39 of 3rd period - Snap shot by Jason Spezza.
3:39 of 3rd period - Shot Blocked by Kristopher Letang.
3:41 of 3rd period - Slapshot by Maxim Kondratiev.
3:41 of 3rd period - Stopped by Martin Brodeur without a rebound.
3:42 of 3rd period - Jason Spezza wins face-off versus Jarret Stoll in Nordiques zone.
3:53 of 3rd period - Wrist shot by Martin Havlat.
3:53 of 3rd period - Stopped by Martin Brodeur with a rebound.
4:13 of 3rd period - Snap shot by Alex Picard.
4:13 of 3rd period - Stopped by Martin Brodeur without a rebound.
4:14 of 3rd period - Jason Spezza wins face-off versus Vaclav Prospal in Nordiques zone.
4:17 of 3rd period - Snap shot by Martin Havlat.
4:17 of 3rd period - Shot Blocked by Niclas Wallin.
4:29 of 3rd period - Snap shot by Alexei Kovalev.
4:29 of 3rd period - Stopped by Jonathan Quick without a rebound.
4:30 of 3rd period - Mike Richards wins face-off versus Jarret Stoll in Red Wings zone.
4:51 of 3rd period - Minor Penalty to Jarret Stoll for Charging.
4:52 of 3rd period - Jason Spezza wins face-off versus R.J. Umberger in Nordiques zone.
5:22 of 3rd period - Icing by Maxim Kondratiev.
5:23 of 3rd period - Mike Richards wins face-off versus Matt Moulson in Red Wings zone.
5:23 of 3rd period - Mike Richards is hit by Alexei Kovalev.
5:29 of 3rd period - Wrist shot by Richard Jackman.
5:29 of 3rd period - Deflect By Mike Richards.
5:29 of 3rd period - Stopped by Martin Brodeur with a rebound.
5:31 of 3rd period - Slapshot by Mike Richards.
5:31 of 3rd period - Stopped by Martin Brodeur without a rebound.
5:32 of 3rd period - Martin Havlat wins face-off versus R.J. Umberger in Nordiques zone.
5:33 of 3rd period - Snap shot by Jason Spezza.
5:33 of 3rd period - Shot Blocked by Pascal Dupuis.
5:43 of 3rd period - Wrist shot by Martin Havlat.
5:43 of 3rd period - Shot Misses the Net.
6:16 of 3rd period - Icing by Mike Richards.
6:17 of 3rd period - R.J. Umberger wins face-off versus Mike Richards in Red Wings zone.
6:22 of 3rd period - Snap shot by R.J. Umberger.
6:22 of 3rd period - Deflect By Mike Richards.
6:22 of 3rd period - Stopped by Jonathan Quick with a rebound.
6:24 of 3rd period - Minor Penalty to Ales Hemsky for Hooking.
6:25 of 3rd period - R.J. Umberger wins face-off versus Jason Spezza in Red Wings zone.
6:51 of 3rd period - Penalty to Jarret Stoll is over, Jarret Stoll is back on ice.
6:55 of 3rd period - Jason Spezza is hit by R.J. Umberger and loses puck.
7:10 of 3rd period - Wrist shot by R.J. Umberger.
7:10 of 3rd period - Shot Misses the Net.
7:12 of 3rd period - Slapshot by Jarret Stoll.
7:12 of 3rd period - Shot Misses the Net.
7:14 of 3rd period - Slapshot by Mark Eaton.
7:14 of 3rd period - Stopped by Jonathan Quick with a rebound.
7:16 of 3rd period - Wrist shot by Mark Eaton.
7:16 of 3rd period - Stopped by Jonathan Quick without a rebound.
7:17 of 3rd period - Mike Richards wins face-off versus Rich Peverley in Red Wings zone.
8:24 of 3rd period - Penalty to Ales Hemsky is over, Ales Hemsky is back on ice.
9:39 of 3rd period - Backhand shot by Christian Backman.
9:39 of 3rd period - Shot Misses the Net.
9:46 of 3rd period - Off-side.
9:47 of 3rd period - Jason Spezza wins face-off versus Jarret Stoll in neutral zone.
9:58 of 3rd period - Slapshot by Dustin Byfuglien.
9:58 of 3rd period - Shot Misses the Net.
10:00 of 3rd period - Wrist shot by Jarret Stoll.
10:00 of 3rd period - Shot Blocked by Philip Samuelsson.
10:02 of 3rd period - Snap shot by Jarret Stoll.
10:02 of 3rd period - Stopped by Jonathan Quick without a rebound.
10:03 of 3rd period - Vaclav Prospal wins face-off versus Mike Richards in Red Wings zone.
10:03 of 3rd period - Vaclav Prospal is hit by Maxim Kondratiev.
10:29 of 3rd period - Dustin Byfuglien is hit by Sean Bergenheim and loses puck.
10:49 of 3rd period - Maxim Kondratiev is hit by Kristopher Letang and loses puck.
11:16 of 3rd period - Snap shot by Alex Picard.
11:16 of 3rd period - Shot Blocked by Fedor Tyutin.
11:26 of 3rd period - Fedor Tyutin is hit by Jason Spezza and loses puck.
11:39 of 3rd period - Wrist shot by Dustin Byfuglien.
11:39 of 3rd period - Shot Misses the Net.
11:41 of 3rd period - Slapshot by Mark Eaton.
11:41 of 3rd period - Shot Misses the Net.
11:43 of 3rd period - Wrist shot by Dustin Byfuglien.
11:43 of 3rd period - Stopped by Jonathan Quick without a rebound.
11:44 of 3rd period - Jarret Stoll wins face-off versus Shawn Horcoff in Red Wings zone.
12:06 of 3rd period - Off-side.
12:07 of 3rd period - Mike Zigomanis wins face-off versus Jason Spezza in neutral zone.
12:16 of 3rd period - Wrist shot by Kyle Calder.
12:16 of 3rd period - Stopped by Jonathan Quick with a rebound.
12:18 of 3rd period - Snap shot by Kyle Calder.
12:18 of 3rd period - Stopped by Jonathan Quick without a rebound.
12:19 of 3rd period - Jason Spezza wins face-off versus Jarret Stoll in Red Wings zone.
12:46 of 3rd period - Maxim Kondratiev is hit by Mike Zigomanis and loses puck.
14:12 of 3rd period - Pascal Dupuis is hit by Jonathan Sigalet and loses puck.
14:20 of 3rd period - Toni Lydman is hit by Jonathan Sigalet.
14:32 of 3rd period - Wrist shot by Vaclav Prospal.
14:32 of 3rd period - Stopped by Jonathan Quick with a rebound.
15:46 of 3rd period - Slapshot by Ales Hemsky.
15:46 of 3rd period - Stopped by Martin Brodeur with a rebound.
15:52 of 3rd period - Minor Penalty to Pascal Dupuis for Holding Stick.
15:53 of 3rd period - Nikolai Kulemin wins face-off versus Jason Spezza in Nordiques zone.
17:40 of 3rd period - Maxim Kondratiev is hit by Matt Moulson and loses puck.
17:52 of 3rd period - Penalty to Pascal Dupuis is over, Pascal Dupuis is back on ice.
18:52 of 3rd period - Jonathan Sigalet is hit by Fedor Tyutin and loses puck.
18:59 of 3rd period - Kristopher Letang is hit by Martin Havlat.
19:01 of 3rd period - Red Wings, Jonathan Quick is pulled from the net.
19:29 of 3rd period - Snap shot by R.J. Umberger.
19:29 of 3rd period - Goal by R.J. Umberger - Nordiques : 4 - Red Wings : 2.
19:29 of 3rd period - Jonathan Quick from Red Wings was sent back in the game.
19:30 of 3rd period - Kyle Calder wins face-off versus Shawn Horcoff in neutral zone.
19:55 of 3rd period - Dustin Byfuglien is hit by Nate Thompson and loses puck.
Goals for this period are 1 for Nordiques vs 0 for Red Wings.
Shots for this period are 12 for Nordiques vs 9 for Red Wings.